 Dungeon Crawl Stone Soup version 0.32-a0-975-g85d4e5bfdb (webtiles) character file.

Game seed: 8859151295443989036

30 Fodor the Trooper (level 3, 0/49 HPs)
             Began as a Minotaur Fighter on Apr 18, 2024.
             Succumbed to an adder's poison
             ... on level 2 of the Dungeon.
             The game lasted 00:01:42 (903 turns).

Fodor the Trooper (Minotaur Fighter)                 Turns: 903, Time: 00:01:43

Health: 0/49       AC: 21    Str: 20 (22) XL:     3   Next: 5%
Magic:  2/2        EV:  2    Int:  2 (5)  God:
Gold:   15         SH:  3    Dex:  6 (9)  Spells: 2/2 levels left

rFire   x . .        a - +0 war axe
rCold   + . .        c - +0 buckler
rNeg    . . .        l - melded +0 plate armour
rPois   +            (helmet currently unavailable)
rElec   .            (cloak currently unavailable)
rCorr   .            (gloves currently unavailable)
SInv    .            (boots currently unavailable)
Will    .....        (no amulet)
Stlth   +            i - ring of ice
HPRegen 0.28/turn    (no ring)
MPRegen 0.08/turn

%: no passive effects
@: lethally poisoned (0 -> -1), tree-form
A: stationary, stasis, torment immunity, boosted hp, (horns 2), (retaliatory
headbutt)
a: no special abilities


You were on level 2 of the Dungeon.
You were a tree.
You visited 1 branch of the dungeon, and saw 2 of its levels.

You collected 15 gold pieces.

Inventory:

Hand Weapons
 a - a +0 war axe (weapon)
Armour
 b - a +0 scale mail
 c - a +0 buckler (worn)
 l - a +0 plate armour (melded)
Jewellery
 g - an amulet of faith
 i - a ring of ice (left branch)
Scrolls
 f - 2 scrolls of revelation {unknown}
 h - a scroll of teleportation {unknown}
 k - a scroll of identify {unknown}
Potions
 d - a potion of might


   Skills:
 + Level 4.1 Fighting
 + Level 2.9 Axes
 + Level 4.0 Armour
 + Level 4.0 Shields


You had 2 spell levels left.
You didn't know any spells.
Your spell library contained the following spells:

 Spells                   Type           Power      Damage    Failure   Level
 Haunt                    Necr/Summ      0%         N/A       100%        7
 Borgnjor's Revivificati  Necr           0%         N/A       100%        8
 Death's Door             Necr           0%         N/A       100%        9


Dungeon Overview and Level Annotations

Branches:
Dungeon (2/15)

Altars:


Innate Abilities, Weirdness & Mutations

You are a tree.
Your roots penetrate the ground, keeping you stationary.
You cannot be teleported.
You are immune to unholy pain and torment.
Your maximum health is greatly increased.
Your equipment is partially melded.
((You have a pair of horns on your head.))
((You reflexively headbutt those who attack you in melee.))


Message History

You are poisoned.
The adder poisons you! The ribbon worm bites you.
* * * LOW HITPOINT WARNING * * *
The adder bites you but does no damage.
You slash the ribbon worm!
You kill the ribbon worm!
You miss the adder.
You feel sick. The adder bites you.
* * * LOW HITPOINT WARNING * * *
You are lethally poisoned!
The adder poisons you! You block the adder's attack.
You have reached level 3!
Your experience leads to an increase in your attributes!
Increase (S)trength, (I)ntelligence, or (D)exterity?
You feel stronger. x2
It was a potion of lignification.
You turn into a tree.
Your +0 plate armour melds into your body.
Your roots penetrate the ground.
* * * LOW HITPOINT WARNING * * *
You feel sick. The adder bites you but does no damage.
It was a potion of degeneration.
There was something very wrong with that liquid.
You feel weakened.
You feel dopey.
You feel clumsy.
* * * LOW HITPOINT WARNING * * *
You feel sick. The adder bites you but does no damage.
You block the adder's attack.
You hit the adder.
The adder is almost dead.
* * * LOW HITPOINT WARNING * * *
You feel sick. The adder bites you but does no damage.
You miss the adder.
The adder is almost dead.
* * * LOW HITPOINT WARNING * * *
You feel sick.
The adder bites you but does no damage. x2
You closely miss the adder.
The adder is almost dead.
* * * LOW HITPOINT WARNING * * *
You feel sick.
The adder bites you but does no damage. x2
You miss the adder.
The adder is almost dead.
You die...

..#####...........###
...#####.#############
.......................
##########.#############
#.#### # #....### # #
#......# #
#####.####....#.# #
.......♣†.....# # #
#####.##S.....# . #
#......# #...$....#
##########


You could see an adder.

Vanquished Creatures
  An adder (D:2)
  2 dart slugs (D:1)
  A ribbon worm (D:2)
  2 endoplasms (D:1)
  A goblin (D:1)
  A hobgoblin (D:1)
  2 quokkas
  A frilled lizard (D:2)
  2 kobolds
  3 rats (D:1)
16 creatures vanquished.

Notes
Turn   | Place    | Note
-------+----------+-------------------------------------------
     0 | D:1      | Fodor the Minotaur Fighter began the quest for the Orb.
     0 | D:1      | Reached XP level 1. HP: 19/19 MP: 0/0
   180 | D:1      | Reached XP level 2. HP: 16/27 MP: 1/1
   898 | D:2      | Reached XP level 3. HP: 5/33 MP: 2/2
   901 | D:2      | HP: 2/49 [poisoned by an adder]
   903 | D:2      | Succumbed to an adder's poison

Illustrated notes

Levels and vault maps discovered:
D:1:      tekkud_arrival_beachfront_property, layout_basic
D:2:      layout_basic, basic_altar, minmay_worlds_worst_comb

Skill      XL: |  1  2 |
---------------+-------+-----
Fighting       | 4 |  4.1
Armour         | 4 |  4.0
Shields        | 4 |  4.0
Axes           | |  2.9

Action                     || total
---------------------------++-------
  Melee: War axe           ||    45
         Headbutt          ||     5
    Use: Potion            ||     2
 Armour: Scale mail        ||    27
         Plate armour      ||    20
         Skin              ||     7
  Dodge: Dodged            ||    14
  Block: Buckler           ||     9

Table legend: (Time is in decaauts)
 A = Elapsed time spent in this place.
 B = Non-inter-level travel time spent in this place.
 C = Inter-level travel time spent in this place.
 D = Time resting spent in this place.
 E = Time spent auto-exploring this place.
 F = Levels seen in this place.
 G = Mean time per level.
                   A        B        C        D        E       F      G
               +--------+--------+--------+--------+--------+-----+--------+
         Total |    920 |    902 |     18 |      0 |    706 |   2 |  460.0 |
       Dungeon |    920 |    902 |     18 |      0 |    706 |   2 |  460.0 |
               +--------+--------+--------+--------+--------+-----+--------+

Top non-repeatable levels by time:
     D:1: 694 daAuts
     D:2: 225 daAuts
